 Dungeon Sprint DCSS version 0.20-a0-1122-gb7cbeb9 (webtiles) character file.

519 potatolord6000 the Protected (level 7, -2/75 HPs)
             Began as a Gargoyle Fighter on May 11, 2017.
             Slain by a sun demon (11 damage)
             ... summoned by a kobold demonologist
             ... in the Dungeon (Sprint III: "The Ten Rune Challenge").
             The game lasted 00:01:34 (146 turns).

potatolord6000 the Protected (Gargoyle Fighter)      Turns: 146, Time: 00:01:35

Health: -2/75      AC: 13    Str: 27    XL:     7   Next: 21%
Magic:  7/7        EV:  9    Int:  8    God:
Gold:   0          SH: 12    Dex:  9    Spells: 6/6 levels left

rFire    . . .     SeeInvis .   a - +0 flail
rCold    . . .     Gourm    .   c - +0 shield
rNeg     + . .     Faith    .   b - +0 scale mail
rPois    ∞         Spirit   .   (no helmet)
rElec    +         Reflect  .   (no cloak)
rCorr    .         Harm     .   (no gloves)
MR       .....     NoTele   +   (no boots)
Stlth    ..........             (no amulet)
Regen    0.3/turn               (no ring)
MPRegen  0.1/turn               (no ring)

@: mighty, berserking, hasted, very quick
A: negative energy resistance 1, electricity resistance, unbreathing,
petrification resistance, rot immunity, AC +4
a: no special abilities


You were in the Dungeon.
You were not hungry.

You visited 1 branch

Inventory:

Hand Weapons
 a - a +0 flail (weapon)
Armour
 b - a +0 scale mail (worn)
 c - a +0 shield (worn)
Scrolls
 k - a scroll of blinking
 l - 2 scrolls of random uselessness {unknown}
Potions
 e - a potion of curing
 h - a potion of haste
 i - 2 potions of magic
Comestibles
 f - a bread ration


   Skills:
 + Level 8.9 Fighting
 + Level 7.9 Maces & Flails
 + Level 8.9 Armour
 + Level 8.9 Shields


You had 6 spell levels left.
You didn't know any spells.

Dungeon Overview and Level Annotations

Branches:
Dungeon (1/1)

Altars:
Elyvilon
Kikubaaqudgha
Sif Muna
Vehumet
Zin
The Shining One


Innate Abilities, Weirdness & Mutations

You are resistant to torment.
Your stone body is resilient. (AC +4)
You are immune to poison.
You resist negative energy. (rN+)
You are resistant to electric shocks. (rElec)
You can survive without breathing.
You are immune to petrification.
You are immune to rotting.


Message History

The kobold demonologist gestures wildly while chanting.
You block something's attack.
You barely miss something. You barely miss something. Something hits you.
* * * LOW HITPOINT WARNING * * *
The crimson imp closely misses you.
You miss something. You block something's attack.
The crimson imp blinks!
You miss something. You sock something!
Reactivating autopickup.
You feel a bit more experienced.
The kobold demonologist mumbles some strange words.
The neqoxec hits you.
* * * LOW HITPOINT WARNING * * *
A red film seems to cover your vision as you go berserk!
You feel yourself moving faster!
You feel mighty!
You closely miss the sun demon. The sun demon hits you!
* * * LOW HITPOINT WARNING * * *
You are engulfed in flames!
You die...

# #......♣ ♣♣.#___#
####....♣.♣ ..#.).#
...#....≈.♣♣♣♣.###'#+###+#
...#...≈≈.♣..♣.#..........
...#..≈≈≈≈...♣.'.⌠........
##'#..≈≈≈≈≈≈♣♣.#..5######+
..†#.≈≈≈≈†≈....#.⌠.#
...#.≈≈≈≈≈.....#...#
...#.≈≈≈.......#@###
####...........#33K#
...............#_55#
▓▓▓▓▓▓▓▓▓▓▓▓▓▓▓▓▓▓▓▓


You could see a sun demon, a kobold demonologist, a neqoxec, 2 crimson imps and
a white imp.

Vanquished Creatures
  A deep elf mage (D)
  A water elemental (D)
  A wizard (D)
  A human (D)
  A wolf (D)
  An ooze (D)
  3 rats (D)
9 creatures vanquished.

Vanquished Creatures (others)
  A yaktaur (D)
  4 hellions (D)
5 creatures vanquished.

Grand Total: 14 creatures vanquished

Notes
Turn   | Place    | Note
-------+----------+-------------------------------------------
     0 | D        | potatolord6000 the Gargoyle Fighter began the quest for the Orb.
     0 | D        | Reached XP level 1. HP: 14/14 MP: 1/1
    32 | D        | Reached XP level 2. HP: 19/20 MP: 2/2
    42 | D        | Killed a yaktaur
    72 | D        | Reached XP level 3. HP: 11/24 MP: 3/3
    77 | D        | Killed a hellion
    77 | D        | Killed a hellion
    77 | D        | HP: 1/24 [wolf (7)]
    94 | D        | Killed a hellion
    94 | D        | Killed a hellion
   106 | D        | Noticed a water elemental
   114 | D        | Killed a water elemental
   114 | D        | Reached skill level 5 in Fighting
   114 | D        | Reached skill level 5 in Armour
   114 | D        | Reached skill level 5 in Shields
   114 | D        | Reached XP level 4. HP: 9/32 MP: 4/4
   118 | D        | Found a glowing silver altar of Zin.
   119 | D        | Found a glowing golden altar of the Shining One.
   119 | D        | Found a white marble altar of Elyvilon.
   119 | D        | Noticed a deep elf mage
   127 | D        | Killed a deep elf mage
   127 | D        | Reached XP level 5. HP: 13/40 MP: 5/5
   127 | D        | Reached XP level 6. HP: 15/45 MP: 6/6
   127 | D        | Reached XP level 7. HP: 16/50 MP: 7/7
   135 | D        | Found a radiant altar of Vehumet.
   135 | D        | Found a deep blue altar of Sif Muna.
   135 | D        | Found an ancient bone altar of Kikubaaqudgha.
   139 | D        | Noticed a neqoxec
   145 | D        | Noticed a sun demon
   146 | D        | Slain by a sun demon

Vault maps used:
D:        dungeon_sprint_mu

Skill      XL: |  1  2  3  4 |
---------------+-------------+-----
Fighting       | 4 5 8 |  8.9
Maces & Flails | 3 4 7 |  7.9
Armour         | 4 5 8 |  8.9
Shields        | 4 5 8 |  8.9

Action                   |  1- 3 |  4- 6 |  7- 9 || total
-------------------------+-------+-------+-------++-------
Melee: Flail             |    67 |     6 |     9 ||    82
  Use: Potion            |     3 |       |     1 ||     4
Armor: Scale mail        |    38 |     2 |     2 ||    42
Dodge: Dodged            |    21 |       |     1 ||    22
Block: Shield            |    32 |     2 |     2 ||    36
